 Dungeon Crawl Stone Soup version 0.29.1-4-g47bece8355 (webtiles) character file.

Game seed: 13855207988409885354

331 GigaChad the Chopper (level 6, -9/51 HPs)
             Began as a Minotaur Gladiator on Dec 6, 2022.
             Mangled by Pikel
             ... wielding a +2 whip of flaming
              (12 damage)
             ... on level 4 of the Dungeon.
             The game lasted 00:07:46 (3634 turns).

GigaChad the Chopper (Minotaur Gladiator)           Turns: 3634, Time: 00:07:47

Health: -9/51      AC:  3    Str: 20    XL:     6   Next: 26%
Magic:  5/5        EV: 17    Int:  5    God:
Gold:   200        SH:  0    Dex: 12    Spells: 5/5 levels left

rFire   . . .      SeeInvis .   a - +0 war axe
rCold   . . .      Faith    .   (no shield)
rNeg    . . .      Spirit   .   b - +0 leather armour
rPois   .          Reflect  .   c - +0 hat
rElec   .          Harm     .   (no cloak)
rCorr   .          Rampage  .   (no gloves)
Will    .....                   (no boots)
Stlth   +.........              (no amulet)
HPRegen 0.17/turn               n - +4 ring of evasion
MPRegen 0.09/turn               (no ring)

@: no status effects
A: horns 2, retaliatory headbutt
a: no special abilities


You were on level 4 of the Dungeon.
You visited 1 branch of the dungeon, and saw 4 of its levels.

You collected 200 gold pieces.

Inventory:

Hand Weapons
 a - a +0 war axe (weapon)
Missiles
 d - 3 throwing nets (quivered)
 e - a javelin
Armour
 b - a +0 leather armour (worn)
 c - a +0 hat (worn)
Jewellery
 n - a +4 ring of evasion (left hand)
 o - an amulet of reflection
 q - a ring of resist corrosion
Wands
 w - a wand of flame (24)
Scrolls
 f - 3 scrolls of identify
 g - a scroll of enchant weapon {unknown}
 i - 2 scrolls of teleportation
 j - a scroll of amnesia {unknown}
 t - a scroll of vulnerability {unknown}
 u - a scroll of summoning {unknown}
 v - a scroll of butterflies {unknown}
Potions
 h - 2 potions of curing {unknown}
 k - 3 potions of heal wounds {unknown}
 l - a potion of ambrosia {unknown}
 m - a potion of flight {unknown}
 p - a potion of haste {unknown}
 r - a potion of magic {unknown}
 s - a potion of might {unknown}


   Skills:
 + Level 3.4 Fighting
 + Level 6.1 Axes
 + Level 2.3 Throwing
 + Level 3.2 Armour
 + Level 4.4 Dodging
 + Level 0.7 Stealth


You had 5 spell levels left.
You didn't know any spells.
Your spell library contained the following spells:

 Spells                   Type           Power      Damage    Failure   Level
 Apportation              Tloc           0%         N/A       52%         1
 Necrotise                Necr           0%         1d4       52%         1
 Summon Small Mammal      Summ           0%         N/A       52%         1
 Ensorcelled Hibernation  Hex/Ice        0%         N/A       67%         2
 Passwall                 Tmut/Erth      0%         N/A       67%         2
 Swiftness                Air            0%         N/A       88%         3


Dungeon Overview and Level Annotations

Branches:
Dungeon (4/15)
 Temple: D:4-7

Altars:

Annotations:
D:4 Pikel


Innate Abilities, Weirdness & Mutations

You have a pair of horns on your head.
You reflexively headbutt those who attack you in melee.


Message History

Pikel is lightly wounded.
You barely miss the lemure.
Pikel hits you with a +2 whip of flaming.
Pikel burns you. The lemure misses you. You furiously retaliate!
You headbutt the lemure! The lemure closely misses you.
You furiously retaliate!
You headbutt the lemure. The lemure closely misses you.
You furiously retaliate!
You headbutt the lemure! Pikel barely misses you. You furiously retaliate!
You headbutt Pikel. You hit Pikel. You headbutt Pikel, but do no damage.
Pikel is moderately wounded.
You closely miss the lemure. You hit the lemure but do no damage.
The lemure barely misses you. You furiously retaliate!
You headbutt the lemure. The lemure hits you.
Pikel hits you but does no damage.
You hit Pikel.
Pikel is moderately wounded.
You hit the lemure. You closely miss the lemure.
The lemure completely misses you. Pikel closely misses you.
You furiously retaliate!
You headbutt Pikel, but do no damage. The lemure misses you.
You closely miss Pikel.
Pikel is moderately wounded.
You hit the lemure.
You kill the lemure!
That felt strangely unrewarding.
You barely miss the lemure. The lemure misses you.
Pikel hits you with a +2 whip of flaming.
* * * LOW HITPOINT WARNING * * *
Pikel burns you.
* * * LOW HITPOINT WARNING * * *
You completely miss Pikel.
Pikel is moderately wounded.
You hit the lemure. Pikel closely misses you. You furiously retaliate!
You headbutt Pikel! You barely miss Pikel.
Pikel is heavily wounded.
You hit the lemure. You barely miss the lemure. The lemure hits you!
* * * LOW HITPOINT WARNING * * *
Pikel hits you with a +2 whip of flaming!
You die...

#... ...# #... #..# ##.# #..# #.#
##..####.######.# # .<...
.......... #.#.#####..##
########.#
#.............S55....##########.#
#.##.#........5K@................
#.##.##......####^..###########.#
#.#...#.......# #................
#...................###########.#
#.............###..## ###
#............# #..# ..#.......#.#
#..# #.##..#...#.# #..#
#.....#...#.# #.)#


You could see Pikel, 3 lemures and a ball python.

Vanquished Creatures
  An ogre (D:4)
  A lemure (D:4)
  An orc priest (D:3)
  A gnoll bouda (D:4)
  2 orc wizards (D:3)
  3 gnolls (D:4)
  4 adders
  2 worms (D:2)
  A dart slug (D:2)
  8 orcs
  7 ball pythons
  4 bats
  4 endoplasms
  3 giant cockroaches
  5 goblins
  4 hobgoblins
  3 jackals (D:2)
  4 quokkas
  A frilled lizard (D:1)
  5 kobolds
  2 rats
66 creatures vanquished.

Notes
Turn   | Place    | Note
-------+----------+-------------------------------------------
     0 | D:1      | GigaChad the Minotaur Gladiator began the quest for the
                  | Orb.
     0 | D:1      | Reached XP level 1. HP: 18/18 MP: 0/0
   240 | D:1      | Reached XP level 2. HP: 17/25 MP: 1/1
   386 | D:1      | Found a faded altar of an unknown god.
  1109 | D:2      | Reached skill level 1 in Armour
  1241 | D:2      | Reached XP level 3. HP: 26/30 MP: 2/2
  1295 | D:2      | Reached skill level 4 in Axes
  2205 | D:3      | Reached XP level 4. HP: 37/37 MP: 3/3
  2503 | D:3      | Reached skill level 5 in Axes
  2682 | D:3      | Reached XP level 5. HP: 39/45 MP: 4/4
  3323 | D:4      | Noticed an ogre
  3333 | D:4      | Killed an ogre
  3334 | D:4      | Reached skill level 6 in Axes
  3334 | D:4      | Reached XP level 6. HP: 16/51 MP: 5/5
  3622 | D:4      | Noticed Pikel
  3634 | D:4      | Mangled by Pikel

Illustrated notes

Levels and vault maps discovered:
D:1:      onia_arrival_mini_spirals, layout_basic,
          shapermc_ecumenical_altar_mp_highgroup
D:2:      layout_basic
D:3:      layout_loops_ring, mainiacjoe_overflow_alcove_2, kennysheep_nub
D:4:      layout_loops_ring, ebering_ghost_rock_garden, uniq_pikel

Skill      XL: |  1  2  3  4  5 |
---------------+----------------+-----
Armour         | 1 2 3 |  3.2
Axes           | 4 5 6 |  6.1
Dodging        | 4 |  4.4
Fighting       | 3 |  3.4
Throwing       | |  2.3
Stealth        | |  0.7

Action                   |  1- 3 |  4- 6 || total
-------------------------+-------+-------++-------
Melee: War axe           |    75 |    66 ||   141
       Headbutt          |     6 |    16 ||    22
       Punch             |       |     1 ||     1
  Use: Scroll            |     1 |       ||     1
 Stab: Sleeping          |       |     1 ||     1
Armor: Leather armour    |    26 |     5 ||    31
Dodge: Dodged            |    85 |    64 ||   149
